 Dungeon Crawl Stone Soup version 0.28-a0-863-g8cecda6153 (webtiles) character file.

Game seed: 5682202649658714843

62 patchburns1 the Magician (level 3, -3/20 HPs)
             Began as a Deep Elf Hedge Wizard on Nov 17, 2021.
             Slain by Terence (6 damage)
             ... on level 2 of the Dungeon.
             The game lasted 00:15:33 (1896 turns).

patchburns1 the Magician (Deep Elf Hedge Wizard)    Turns: 1896, Time: 00:15:33

Health: -3/20      AC:  8    Str:  7    XL:     3   Next: 85%
Magic:  3/11       EV: 12    Int: 19    God:
Gold:   22         SH:  0    Dex: 14    Spells: 6/12 levels left

rFire   . . .      SeeInvis .   o - +1 dagger (flame)
rCold   . . .      Faith    .   (no shield)
rNeg    . . .      Spirit   .   q - +0 robe
rPois   .          Reflect  .   i - +1 helmet
rElec   .          Harm     .   (no cloak)
rCorr   .          Rampage  .   (no gloves)
Will    .....                   (no boots)
Stlth   ++........              (no amulet)
HPRegen 0.06/turn               h - +4 ring of protection
MPRegen 0.12/turn               (no ring)

@: hasted, invisible, very quick
A: no striking features
a: no special abilities


You were on level 2 of the Dungeon.
You visited 1 branch of the dungeon, and saw 2 of its levels.

You collected 22 gold pieces.

Inventory:

Hand Weapons
 a - a +0 dagger
 l - a +0 mace
 n - a +0 hunting sling
 o - a +1 dagger of flaming (weapon)
Missiles
 f - 19 arrows
 m - 32 stones
Armour
 b - a +0 robe
 c - a +0 hat
 i - a +1 helmet (worn)
 p - a +0 robe
 q - a +0 robe (worn)
Jewellery
 h - a +4 ring of protection (left hand)
Scrolls
 e - 2 scrolls of teleportation {unknown}
 j - a scroll of fear {unknown}
Potions
 d - a potion of haste
 k - a potion of curing {unknown}


   Skills:
 + Level 0.4 Fighting
 + Level 2.7 Dodging
 + Level 3.0 Stealth
 * Level 5.1 Spellcasting
 * Level 1.8 Conjurations
 + Level 1.0 Hexes
 + Level 1.5 Summonings
 + Level 1.6 Translocations


You had 6 spell levels left.
You knew the following spells:

 Your Spells              Type           Power      Damage    Failure   Level
a - Magic Dart            Conj           44%        1d5       6%          1
b - Blink                 Tloc           20%        N/A       10%         2
c - Call Imp              Summ           10%        N/A       10%         2
d - Slow                  Hex            32%        N/A       8%          1

Your spell library contained the following spells:

 Spells                   Type           Power      Damage    Failure   Level
 Corpse Rot               Necr/Air       8%         N/A       19%         2
 Poisonous Vapours        Pois/Air       8%         N/A       19%         2
 Conjure Flame            Conj/Fire      8%         6-21      26%         3
 Mephitic Cloud           Conj/Pois/Air  7%         N/A       28%         3


Dungeon Overview and Level Annotations

Branches:
Dungeon (2/15)

Altars:

Annotations:
D:2 Terence


Message History

The adder barely misses your crimson imp.
Your crimson imp blinks!
Your crimson imp disappears in a puff of smoke!
Okay, then.
Casting: Magic Dart (safe; 6% risk of failure)
Confirm with . or Enter, or press ? or * to list all spells.
A shadowy apparition takes form in the air.
The adder barely misses your shadow imp.
The adder bites your shadow imp.
Your shadow imp hits the adder.
The adder bites you but does no damage. Terence closely misses you.
Your shadow imp completely misses the adder.
You see here an adder skeleton.
You closely miss the adder.
The adder is heavily wounded.
The adder bites you.
You are poisoned.
The adder poisons you! Terence hits you but does no damage.
The adder bites you but does no damage.
Your shadow imp hits the adder.
You feel sick. The adder bites your shadow imp.
Your shadow imp closely misses the adder.
You feel sick. The adder bites your shadow imp.
Your shadow imp is poisoned.
The adder poisons your shadow imp!
Your shadow imp hits the adder.
You feel sick. The adder bites your shadow imp.
Your shadow imp hits the adder.
The adder dies!
It was a potion of haste.
You feel yourself speed up.
You feel sick.
Your shadow imp dies!
Your shadow imp disappears in a puff of smoke!
You feel sick.
You are no longer poisoned.
It was a potion of invisibility.
You fade into invisibility!
Terence hits you with a +0 trident.
* * * LOW HITPOINT WARNING * * *
You hit Terence but do no damage.
Terence is severely wounded.
You hit Terence but do no damage.
Terence is severely wounded.
Terence hits you with a +0 trident.
You die...

#.......# #.# #.####### #.# #.#
#########.# ##### #######.#
#......##.# ....#### #.......#
#.#######.# .......# #.#####.#
#.#.......# .......# #.# #.#
#.#.#######
.......###.############.#........
................@@....#......####
>......###.##########.#.####.#
.......# #§# ...#.#....#.#
.......# #@##.#####.#.#.#.##.#
.......# #.##........§÷.#.##.#
.......# #.# ######.#.#.#.##.#
######## #.# #....#.#...##.# #
####.#####.####.#.####.# #
#.........@#....#......#


You could see Terence.

Vanquished Creatures
  An adder (D:2)
  A gnoll (D:1)
  A worm (D:2)
  A dart slug (D:1)
  2 endoplasms (D:1)
  A giant cockroach (D:1)
  3 goblins
  A hobgoblin (D:1)
  4 kobolds (D:1)
  A quokka (D:1)
  4 ball pythons
  4 bats
  2 frilled lizards (D:1)
  2 rats
28 creatures vanquished.

Vanquished Creatures (collateral kills)
  An adder (D:2)
  A goblin (D:1)
2 creatures vanquished.

Grand Total: 30 creatures vanquished

Notes
Turn   | Place    | Note
-------+----------+-------------------------------------------
     0 | D:1      | patchburns1 the Deep Elf Hedge Wizard began the quest for
                  | the Orb.
     0 | D:1      | Reached XP level 1. HP: 10/10 MP: 7/7
   313 | D:1      | Reached XP level 2. HP: 15/15 MP: 4/9
   367 | D:1      | Learned a level 2 spell: Blink
   370 | D:1      | Learned a level 2 spell: Call Imp
   373 | D:1      | Learned a level 1 spell: Slow
   910 | D:1      | Reached XP level 3. HP: 19/19 MP: 6/11
  1226 | D:2      | Reached skill level 5 in Spellcasting
  1553 | D:2      | Reached skill level 1 in Hexes
  1794 | D:2      | Noticed Terence
  1896 | D:2      | Slain by Terence

Illustrated notes

Levels and vault maps discovered:
D:1:      dpeg_arrival_rooms_with_view, layout_basic, minmay_misc_feat_room
D:2:      layout_basic, basic_altar, minmay_quantized, uniq_terence

Skill      XL: |  1  2  3 |
---------------+----------+-----
Spellcasting   | 5 |  5.1
Hexes          | 1 |  1.0
Stealth        | 3 |  3.0
Fighting       | |  0.4
Dodging        | |  2.7
Conjurations   | |  1.8
Summonings     | |  1.5
Translocations | |  1.6

Action                   || total
-------------------------++-------
Melee: Dagger            ||   102
 Cast: Magic Dart        ||    54
       Call Imp          ||     7
  Use: Potion            ||     2
 Stab: Sleeping          ||     2
Armor: Robe              ||    58
Dodge: Dodged            ||    64

Table legend: (Time is in decaauts)
 A = Elapsed time spent in this place.
 B = Non-inter-level travel time spent in this place.
 C = Inter-level travel time spent in this place.
 D = Time resting spent in this place.
 E = Time spent auto-exploring this place.
 F = Levels seen in this place.
 G = Mean time per level.
                   A        B        C        D        E       F      G
               +--------+--------+--------+--------+--------+-----+--------+
         Total |   1889 |   1889 |      0 |    741 |    234 |   2 |  944.5 |
       Dungeon |   1889 |   1889 |      0 |    741 |    234 |   2 |  944.5 |
               +--------+--------+--------+--------+--------+-----+--------+

Top non-repeatable levels by time:
     D:1: 1218 daAuts
     D:2: 671 daAuts
